 Dungeon Crawl Stone Soup version 0.25-a0-719-gde951dce62 (webtiles) character file.

Game seed: 7841918037002526790, levelgen mode: deterministic

1758 Hastur the Slinger (level 9, -5/61 HPs)
             Began as a Halfling Arcane Marksman on Apr 5, 2020.
             Was an Initiate of Okawaru.
             Slain by a black bear (6 damage)
             ... on level 6 of the Dungeon on Apr 6, 2020.
             The game lasted 00:26:14 (7519 turns).

Hastur the Slinger (Halfling Arcane Marksman)       Turns: 7519, Time: 00:26:15

Health: -5/61      AC:  8    Str: 11    XL:     9   Next: 27%
Magic:  12/12      EV: 13    Int: 14    God:    Okawaru [......]
Gold:   383        SH:  0    Dex: 15    Spells: 9/10 levels left

rFire    . . .     SeeInvis .   a - +0 hunting sling
rCold    . . .     Gourm    .   (shield restricted)
rNeg     . . .     Faith    .   r - +1 scale mail {rPois}
rPois    +         Spirit   .   (no helmet)
rElec    .         Reflect  .   (no cloak)
rCorr    .         Harm     .   c - +0 pair of gloves
MR       .....                  (no boots)
Stlth    ..........             (no amulet)
HPRegen  0.20/turn              (no ring)
MPRegen  0.13/turn              (no ring)

@: no status effects
A: small, mutation resistance 1
a: Renounce Religion


You were on level 6 of the Dungeon.
You worshipped Okawaru.
Okawaru was noncommittal.
You were not hungry.

You visited 2 branches of the dungeon, and saw 8 of its levels.
You also visited: Sewer.

You collected 383 gold pieces.

Inventory:

Hand Weapons
 a - a +0 hunting sling (weapon)
 b - a +0 whip
 G - a +2 rapier of venom
Missiles
 d - 66 sling bullets
 g - 3 boomerangs
 i - 209 stones (quivered)
 k - 29 poisoned darts
 s - 4 atropa-tipped darts
 z - a throwing net
Armour
 c - a +0 pair of gloves (worn)
 e - a cursed +0 ring mail
 r - a +1 scale mail of poison resistance (worn)
 D - a +0 buckler
Wands
 h - a wand of disintegration (11)
 j - a wand of digging (7)
 p - a wand of paralysis (6)
 t - a wand of iceblast (15)
 x - a wand of polymorph (7)
 E - a wand of acid (11)
Scrolls
 l - a scroll of noise {unknown}
 m - 2 scrolls of fear
 u - a scroll of remove curse
 v - 6 scrolls of enchant armour {unknown}
 y - a scroll of immolation {unknown}
 A - a scroll of enchant weapon {unknown}
Potions
 n - a potion of might
 o - 2 potions of flight
 q - a potion of lignification
 w - a potion of berserk rage {unknown}
 B - a potion of mutation {unknown}
 C - a potion of brilliance {unknown}
 F - 2 potions of magic {unknown}
Comestibles
 f - 13 rations


   Skills:
 - Level 5.0 Fighting
 + Level 11.0 Slings
 - Level 5.2 Dodging
 - Level 1.0 Spellcasting
 - Level 2.4 Hexes
 - Level 4.2 Evocations


You had 9 spell levels left.
You knew the following spells:

 Your Spells              Type           Power        Failure   Level  Hunger
a - Corona                Hex            #......      54%         1    ##.....

Your spell library contained the following spells:

 Spells                   Type           Power        Failure   Level  Hunger
 Slow                     Hex            #.......     67%         2    ###....
 Inner Flame              Hex/Fire       #.......     97%         3    ####...
 Portal Projectile        Hex/Tloc       #.....       97%         3    ####...
 Cause Fear               Hex            #.........   99%         4    #####..
 Leda's Liquefaction      Hex/Erth       #.........   100%        4    #####..


Dungeon Overview and Level Annotations

Branches:
Dungeon (7/15)             Temple (1/1) D:6           Sewer (visited)

Altars:
Ashenzari
Cheibriados
Dithmenos
Elyvilon
Fedhas
Gozag
Hepliaklqana
Kikubaaqudgha
Makhleb
Nemelex Xobeh
Okawaru
Qazlal
Ru
Sif Muna
Trog
Uskayaw
Vehumet
Wu Jian
Xom
Yredelemnul
Zin
The Shining One


Innate Abilities, Weirdness & Mutations

You are small and have problems with some larger weapons.
You are somewhat resistant to further mutation.


Message History

Press: ? - help, Shift-Dir - straight line, f/p - black bear
Aim: a black bear (almost dead, berserk, fast, unusually strong)
You shoot a stone. The stone barely misses the black bear.
The black bear bites you!
* * * LOW HITPOINT WARNING * * *
The black bear barely misses you. The black bear claws you.
* * * LOW HITPOINT WARNING * * *
Unknown command.
Okay, then.
Evoke which item? (* to show all) (? for menu, Esc to quit)
Aiming: Disintegrate
Press: ? - help, Shift-Dir - straight line, f/p - black bear
Aim: a black bear (almost dead, berserk, fast, unusually strong, chance to defeat MR: 80%)
The black bear barely resists.
The black bear closely misses you. The black bear claws you.
* * * LOW HITPOINT WARNING * * *
The black bear claws you.
* * * LOW HITPOINT WARNING * * *
The black bear bites you.
You die...

#...##### #.#####.#
........#########.#####.# #
#...###.##...........##.## #
##.## #.#...####.........# # #.#
#......# #..##.##..# # #.#
#.#...## #.>.......# # #.#
#.##..# #.###.###.# # #.# #.....#
#h# #.....# # ##.# ####.## #@#
#####.# # #..# ##+## #.#######.#
# ..#######...## #.........#
......##.....###########.#
..###.#.......## ##.###.# #
..###..........####...##.########
...............'.................
..###..........####...##.########
......#.......## ##.###.##......


You could see a black bear (berserk).

Vanquished Creatures
  Sigmund (D:2)
  Eustachio (D:4)
  A black bear (D:6)
  A sky beast (D:6)
  Purgy (Sewer)
  2 phantoms
  2 ogres
  A centaur (D:6)
  A bullfrog (D:6)
  A scorpion (D:5)
  2 jellies
  2 hounds
  An orc priest (D:6)
  A bullfrog skeleton (D:4)
  An iguana (D:4)
  5 orc wizards
  2 worker ants
  A hound skeleton (D:5)
  4 gnolls
  A howler monkey skeleton (D:6)
  5 adders
  A shadow imp (D:5)
  2 oozes (D:2)
  6 worms
  A dart slug (D:1)
  2 leopard geckos
  21 orcs
  A ball python (D:5)
  13 bats
  7 giant cockroaches
  3 goblins
  5 hobgoblins
  8 jackals (D:6)
  3 quokkas
  4 frilled lizards
  A giant cockroach zombie (D:4)
  A jackal skeleton (D:4)
  6 kobolds
  A leopard gecko skeleton (D:5)
  A quokka skeleton (D:4)
  A quokka zombie (D:5)
  9 rats
134 creatures vanquished.

Notes
Turn   | Place    | Note
-------+----------+-------------------------------------------
     0 | D:1      | Hastur the Halfling Arcane Marksman began the quest for the
                  | Orb.
     0 | D:1      | Reached XP level 1. HP: 12/12 MP: 2/2
    33 | D:1      | Reached skill level 1 in Fighting
    45 | D:1      | Reached XP level 2. HP: 14/18 MP: 3/3
   373 | D:1      | Reached skill level 4 in Slings
   531 | D:1      | Reached XP level 3. HP: 24/24 MP: 4/4
   841 | D:1      | Reached XP level 4. HP: 8/29 MP: 5/5
  1196 | D:2      | Noticed Sigmund
  1537 | D:2      | Reached skill level 5 in Slings
  1747 | D:1      | Reached XP level 5. HP: 13/36 MP: 6/6
  2096 | D:2      | Found a white marble altar of Elyvilon.
  2412 | D:3      | Found a shimmering altar of Xom.
  2832 | D:4      | Noticed Eustachio
  2904 | D:4      | Reached XP level 6. HP: 31/42 MP: 7/7
  2998 | D:4      | Reached skill level 6 in Slings
  3221 | D:4      | Noticed an ogre
  3240 | D:4      | Killed an ogre
  3287 | D:4      | Reached skill level 1 in Evocations
  3287 | D:4      | Reached XP level 7. HP: 34/47 MP: 8/8
  3426 | D:4      | Found a bloodstained altar of Trog.
  3570 | D:4      | Killed Eustachio
  3684 | D:4      | Found a burning altar of Makhleb.
  3781 | D:3      | Found a shimmering altar of Xom.
  4176 | D:2      | Killed Sigmund
  4176 | D:2      | Reached skill level 7 in Slings
  4331 | D:5      | Entered Level 5 of the Dungeon
  4422 | D:5      | Reached XP level 8. HP: 54/54 MP: 9/9
  4622 | D:5      | Reached skill level 5 in Dodging
  4745 | D:5      | Found a glowing drain.
  4751 | Sewer    | Entered a sewer
  4786 | Sewer    | Noticed Purgy
  4801 | Sewer    | Killed Purgy
  4984 | D:5      | Found a snail-covered altar of Cheibriados.
  4984 | D:5      | Found a basalt altar of Yredelemnul.
  5018 | D:5      | Upgraded the game from 0.25-a0-713-g4845790874 to
                  | 0.25-a0-719-gde951dce62
  5072 | D:5      | Reached skill level 8 in Slings
  5720 | D:6      | Reached skill level 5 in Fighting
  6216 | D:6      | Found a staircase to the Ecumenical Temple.
  6221 | Temple   | Entered the Ecumenical Temple
  6255 | Temple   | Became a worshipper of Warmaster Okawaru
  6466 | D:6      | Reached skill level 9 in Slings
  6635 | D:6      | Reached XP level 9. HP: 61/61 MP: 12/12
  6944 | D:6      | Reached skill level 10 in Slings
  7231 | D:6      | Reached skill level 11 in Slings
  7519 | D:6      | HP: 2/61 [black bear (4)]
  7519 | D:6      | Slain by a black bear

Levels and vault maps discovered:
D:1:      wheals_arrival_shading, layout_basic
D:2:      layout_basic, elyvilon_altar_1, uniq_sigmund
D:3:      layout_rooms, lemuel_round_altar
D:4:      layout_basic, nicolae_overflow_crystal_walls, lightli_temple_of_fire,
          uniq_eustachio
D:5:      layout_loops_corners, gammafunk_temple_overflow_wave, first_ration,
          gup_sewer_entry_bubbles
D:6:      layout_loops_corners, minmay_temple_entry_grid
D:7:      layout_loops_corners, serial_shops, shop, grunt_ogre_cave,
          grunt_ministairs_3
Temple:   minmay_crystal_spiral_temple

Skill      XL: |  1  2  3  4  5  6  7  8  9 |
---------------+----------------------------+-----
Fighting       | 1 2 3 4 5 |  5.0
Slings         | 4 5 6 7 9 11 | 11.0
Dodging        | 3 4 5 |  5.2
Evocations     | 1 2 4 |  4.2
Spellcasting   | |  1.0
Hexes          | |  2.4

Action                   |  1- 3 |  4- 6 |  7- 9 || total
-------------------------+-------+-------+-------++-------
Melee: Whip              |    17 |       |       ||    17
 Fire: Hunting sling     |    89 |   277 |   478 ||   844
Throw: Dart              |       |    19 |    10 ||    29
Evoke: Wand              |       |       |     4 ||     4
  Use: Scroll            |       |     3 |     5 ||     8
  Eat: Chunk             |       |     7 |    12 ||    19
Armor: Robe              |     7 |    12 |       ||    19
       Scale mail        |       |    23 |    94 ||   117
Dodge: Dodged            |    52 |    86 |   175 ||   313

Table legend:
 A = Non-vault XP
 B = Vault XP
 C = Vault XP percentage of total XP
 D = Non-vault monster count
 E = Vault monster count
 F = Vault count percentage of total count
                 A         B        C        D         E       F
            +---------+---------+-------+---------+---------+-------
      Total |    1944 |     568 |  22.6 |     122 |      12 |   9.0
            +---------+---------+-------+---------+---------+-------
        D:1 |     101 |       0 |   0.0 |      21 |       0 |   0.0
        D:2 |     131 |     227 |  63.4 |      29 |       1 |   3.3
        D:3 |      19 |       0 |   0.0 |       9 |       0 |   0.0
        D:4 |     279 |     197 |  41.4 |      15 |       1 |   6.2
        D:5 |     542 |       8 |   1.5 |      21 |       4 |  16.0
        D:6 |     859 |       0 |   0.0 |      26 |       0 |   0.0
     Temple |      13 |       0 |   0.0 |       1 |       0 |   0.0
      Sewer |       0 |     136 | 100.0 |       0 |       6 | 100.0
            +---------+---------+-------+---------+---------+-------
